 Dungeon Crawl Stone Soup version 0.14-a0-1863-gcc20582 (webtiles) character file.

41811 Jenx the Wrestler (level 13, -17/110 HPs)
             Began as a Troll Monk on Jan 13, 2014.
             Was the Champion of Okawaru.
             Killed from afar by a vapour (29 damage)
             ... with a bolt of lightning
             ... on Level 13 of the Dungeon.
             The game lasted 01:04:51 (18214 turns).

Jenx the Wrestler (Troll Monk)                     Turns: 18214, Time: 01:04:51

HP -17/110       AC  8     Str 23      XL: 13   Next: 76%
MP  14/14        EV 11     Int  8      God: Okawaru [******]
Gold 1037        SH  0     Dex 18      Spells:  1 memorised, 10 levels left

rFire  + . .     SeeInvis .       - Unarmed
rCold  + . .     Clarity  .     G - +2 robe {rC+ rF+}
rNeg   . . .     Conserve .     (shield restricted)
rPois  +         rCorr    .     (helmet restricted)
rElec  .         rRot     .     y - +0 elf cloak
SustAb . .       Spirit   .     (gloves unavailable)
rMut   .         Warding  .     (boots unavailable)
Gourm  +         Stasis   .     q - amulet "Skidiorgh" {Faith MR++ Str+1 Dex+2 Int+2}
MR     ++...                    Z - ring of poison resistance
                                g - ring of magical power

@: very resistant to hostile enchantments, fairly stealthy
A: unfitting armour, claws 3, fast metabolism 3, gourmand, regeneration 2,
saprovore 2, shaggy fur 1, tough skin 2
a: Heroism, Finesse, Renounce Religion


You were on level 13 of the Dungeon.
You worshipped Okawaru.
Okawaru was exalted by your worship.
You were very full.

You visited 3 branches of the dungeon, and saw 21 of its levels.

You collected 1249 gold pieces.
You spent 212 gold pieces at shops.

Inventory:

Hand weapons
 b - the +8 blowgun of the Equator {speed, rC+ MR++ Str-1}
   (You found it on level 7 of the Lair of Beasts)

   Attacks with this weapon are significantly faster, but cause slightly less
   damage.
   It affects your strength (-1).
   It protects you from cold.
   It affects your resistance to hostile enchantments.
 n - a +4,+3 dwarven broad axe of flaming
 D - a +1,+3 scimitar of flaming
Missiles
 f - 3 large rocks (quivered)
Armour
 y - a +0 elven cloak (worn)
 G - a +2 robe of resistance (worn)
 S - a +2 orcish robe of magic resistance
 Y - a +2 shield of fire resistance
Magical devices
 o - a wand of heal wounds (4)
 t - a wand of cold (4) {unknown}
 x - a wand of hasting (6)
 z - a wand of fireball (1)
Comestibles
 v - 5 bread rations
 B - 14 strawberries
 K - 5 meat rations
Scrolls
 c - 8 scrolls of remove curse
 e - a scroll of amnesia
 k - a scroll of enchant armour
 r - 5 scrolls of fear
 u - 2 scrolls of blinking
 H - a scroll of magic mapping
 J - a scroll of curse weapon {unknown}
 M - 2 scrolls of teleportation
 N - a scroll of identify
Jewellery
 g - a ring of magical power (left claw)
 h - an uncursed ring of sustain abilities {unknown}
 m - an uncursed ring of ice
 q - the amulet "Skidiorgh" (around neck) {Faith MR++ Str+1 Dex+2 Int+2}
   (You found it on level 5 of the Lair of Beasts)

   [amulet of faith]

   It affects your strength (+1).
   It affects your intelligence (+2).
   It affects your dexterity (+2).
   It affects your resistance to hostile enchantments.
 C - a +3 ring of protection
 E - an uncursed amulet of clarity
 F - an uncursed amulet of stasis
 Z - a ring of poison resistance (right claw)
Potions
 a - 3 potions of invisibility {unknown}
 d - 3 potions of confusion {unknown}
 i - 3 potions of flight {unknown}
 j - 2 potions of paralysis {unknown}
 l - 2 potions of might {unknown}
 p - 9 potions of curing
 s - a potion of magic
 w - a potion of brilliance {unknown}
 A - a potion of porridge
 L - 2 potions of heal wounds
 R - a potion of speed {unknown}
 T - a potion of resistance {unknown}
 U - 2 potions of lignification {unknown}
 W - a potion of mutation {unknown}
Miscellaneous
 I - a sack of spiders


   Skills:
 - Level 2.4 Fighting
 - Level 2.4 Dodging
 - Level 1.1 Stealth
 * Level 21.8 Unarmed Combat


You had 10 spell levels left.
You knew the following spells:

 Your Spells              Type           Power        Failure   Level  Hunger
a - Shroud of Golubria    Chrm/Tloc      #.........   69%         2    ###....


Dungeon Overview and Level Annotations

Branches:
Dungeon (13/16)            Temple (1/1) D:7             Orc (0/4) D:12
   Lair (7/8) D:8          Shoals (0/5) Lair:4        Snake (0/5) Lair:4
  Slime: Lair:6-8

Altars:
Elyvilon
Kikubaaqudgha
Makhleb
Okawaru
Sif Muna
Vehumet
Xom
Yredelemnul
Zin
the Shining One

Shops:
D:6 */   D:7 [   D:10 =

Annotations:
D:6 wand of teleport 360 gp
D:9 exclusion: door
Lair:2 2 exclusions
Lair:6 1 exclusion


Innate Abilities, Weirdness & Mutations

You are too large for most types of armour.
You have claws for hands.
Your metabolism is lightning-fast.
You like to eat raw meat.
You heal very quickly.
You can eat rotten meat.
You are covered in fur (AC +1).
You have very tough skin (AC +2).


Message History

The vampire mosquito bites you.
The vampire mosquito draws strength from your injuries!
The vampire mosquito bites you.
The vampire mosquito draws strength from your injuries!
You mangle the vampire mosquito!!
You destroy the vampire mosquito!
Okawaru accepts your kill.
You see here a vampire mosquito corpse.
f - 3 large rocks (gained 1)
You see here a vampire mosquito corpse.
You offer a prayer to Okawaru.
The vampire mosquito corpse is consumed by flame.
Okawaru is exalted by your worship. The bolt of lightning hits you!
The bolt of lightning hits you! The bolt of lightning hits you!
* * * LOW HITPOINT WARNING * * *
A yak comes into view.
The bolt of lightning hits you!
You die...

.# ...... ...##....Y.
.............
.............
.........# .......#
#.....# ###.##.#
#...@..##.#
#......##.#
#......##.#
#......##.#
#......##.#
#...(..##.# ....
#......##.# #....
#......##.######.#.##
####.................


There were no monsters in sight!

Vanquished Creatures
  Harold (Lair:5)
  2 hydras
  Nessos (D:12)
  Erica (D:12)
  Nergalle (Lair:4)
  A catoblepas (Lair:6)
  3 unseen horrors (D:12)
  4 hill giants
  3 griffons
  A spiny worm (Lair:7)
  2 black mambas
  4 elephants (Lair:7)
  5 spiny frogs
  A feature mimic (D:11)
  3 trolls
  4 fire drakes
  The ghost of dsn the Carver, an average MiFi (D:4)
  2 komodo dragons
  A basilisk (Lair:1)
  2 boulder beetles
  9 blink frogs
  3 slime creatures (D:12)
  2 hill giant zombies (D:12)
  6 sharks
  4 vampire mosquitoes (D:13)
  6 hippogriffs
  37 yaks
  An elephant slug (Lair:6)
  2 hungry ghosts (D:12)
  2 steam dragons
  Grum (D:9)
  2 manticores
  14 wolves
  Edmund (D:4)
  A soldier ant (D:11)
  A necrophage (D:8)
  A human (D:7)
  A sky beast (D:8)
  A black bear (D:7)
  10 ogres
  11 porcupines
  A yellow wasp (D:10)
  5 orc warriors
  A naga (Lair:4)
  3 giant goldfish
  12 centaurs
  2 phantoms (D:12)
  6 crocodiles
  6 water moccasins
  Duvessa (D:9)
  5 giant slugs
  A gnoll sergeant (D:11)
  5 agate snails
  A cyclops zombie (D:13)
  20 giant frogs
  8 jellies
  A hippogriff zombie (D:5)
  6 jellyfish
  11 killer bees
  4 electric eels
  Dowan (D:9)
  6 crimson imps
  A quasit (D:10)
  A black bear zombie (D:10)
  5 iguanas
  A centaur skeleton (D:7)
  9 orc priests
  12 hounds
  A black bear skeleton (D:7)
  10 worker ants
  4 orc wizards
  2 big fish
  A two-headed ogre skeleton (D:8)
  6 scorpions
  6 ogre zombies
  23 sheep
  A mummy (D:9)
  Terence (D:3)
  A hound skeleton (D:6)
  11 gnolls
  26 green rats (Lair:1)
  22 adders
  8 giant centipedes
  2 giant mites
  A goliath beetle zombie (D:10)
  6 worms
  An adder zombie (D:5)
  An adder skeleton (D:5)
  5 giant eyeballs
  10 giant geckos
  36 orcs
  3 ball pythons
  6 giant cockroaches
  12 hobgoblins
  31 jackals
  14 kobolds
  10 quokkas
  26 bats
  8 giant newts
  2 giant spores
  12 goblins
  2 goblin skeletons (D:12)
  4 goblin zombies (D:12)
  2 hobgoblin skeletons
  4 hobgoblin zombies (D:12)
  2 orc skeletons (D:12)
  6 orc zombies (D:12)
  28 rats
  A rat skeleton (D:4)
  6 ballistomycetes
  A bush (Lair:4)
  3 plants
662 creatures vanquished.

Vanquished Creatures (collateral kills)
  A big fish (Lair:6)
1 creature vanquished.

Vanquished Creatures (others)
  A hound (Lair:6)
  An orc wizard (D:6)
  A giant centipede (D:11)
  A bat (D:10)
  A jackal (Lair:5)
  A giant spore (D:7)
  A ballistomycete (D:13)
  6 plants (Lair:6)
13 creatures vanquished.

Grand Total: 676 creatures vanquished

Notes
Turn   | Place    | Note
--------------------------------------------------------------
     0 | D:1      | Jenx, the Troll Monk, began the quest for the Orb.
     0 | D:1      | Reached XP level 1. HP: 22/22 MP: 1/1
   177 | D:1      | Reached XP level 2. HP: 29/29 MP: 1/1
   686 | D:1      | Reached skill level 5 in Unarmed Combat
   686 | D:1      | Reached XP level 3. HP: 36/36 MP: 2/2
  1293 | D:2      | Reached XP level 4. HP: 44/44 MP: 2/2
  1600 | D:3      | Noticed Terence
  1620 | D:3      | Killed Terence
  1620 | D:3      | Reached skill level 6 in Unarmed Combat
  1788 | D:3      | Found an ancient bone altar of Kikubaaqudgha.
  1935 | D:3      | Reached XP level 5. HP: 45/50 MP: 2/2
  2288 | D:4      | Reached skill level 7 in Unarmed Combat
  2339 | D:4      | Noticed an orc warrior
  2351 | D:4      | Killed an orc warrior
  2351 | D:4      | Reached XP level 6. HP: 20/59 MP: 1/3
  2365 | D:4      | Noticed dsn's ghost (average MiFi)
  2454 | D:4      | Noticed Edmund
  2465 | D:4      | Killed Edmund
  2465 | D:4      | Reached skill level 8 in Unarmed Combat
  2578 | D:4      | Noticed an ogre
  2581 | D:4      | Noticed an ogre
  2597 | D:4      | Killed an ogre
  2597 | D:4      | Reached XP level 7. HP: 40/66 MP: 2/3
  2623 | D:4      | Killed an ogre
  2623 | D:4      | Reached skill level 9 in Unarmed Combat
  2758 | D:4      | Killed dsn's ghost
  2758 | D:4      | Reached skill level 10 in Unarmed Combat
  3122 | D:5      | Entered Level 5 of the Dungeon
  3140 | D:5      | Reached XP level 8. HP: 69/74 MP: 3/3
  3699 | D:5      | Reached skill level 11 in Unarmed Combat
  3848 | D:6      | Found Voanlot's Magical Wand Emporium.
  4160 | D:6      | Reached skill level 12 in Unarmed Combat
  4276 | D:6      | Found Wuygas' General Store.
  4294 | D:6      | Bought a potion of heal wounds for 30 gold pieces
  4294 | D:6      | Bought a potion of heal wounds for 30 gold pieces
  4361 | D:6      | Reached XP level 9. HP: 78/80 MP: 4/4
  4628 | D:7      | Found a glowing silver altar of Zin.
  4628 | D:7      | Noticed an angel
  4647 | D:7      | Found Smul's Armour Boutique.
  4804 | D:7      | Bought a +1 robe of resistance for 152 gold pieces
  4898 | D:7      | Paralysed by a giant eyeball for 3 turns
  4907 | D:7      | Paralysed by a giant eyeball for 4 turns
  5018 | D:7      | Found a staircase to the Ecumenical Temple.
  5029 | D:7      | Reached skill level 13 in Unarmed Combat
  5051 | Temple   | Entered the Ecumenical Temple
  5069 | Temple   | Became a worshipper of Warmaster Okawaru
  5069 | Temple   | Acquired Okawaru's first power
  5382 | D:8      | Found a staircase to the Lair.
  5454 | Lair:1   | Entered Level 1 of the Lair of Beasts
  5899 | Lair:1   | Reached skill level 14 in Unarmed Combat
  5937 | Lair:1   | Noticed a spiny frog
  5947 | Lair:1   | Killed a spiny frog
  5947 | Lair:1   | Reached XP level 10. HP: 88/88 MP: 2/4
  6740 | D:8      | Reached skill level 15 in Unarmed Combat
  7030 | D:9      | Noticed Duvessa
  7031 | D:9      | Noticed Dowan
  7038 | D:9      | Killed Duvessa
  7041 | D:9      | Killed Dowan
  7225 | D:9      | Noticed Grum
  7243 | D:9      | Killed Grum
  7303 | D:9      | Paralysed by a giant eyeball for 2 turns
  7355 | D:9      | Found a deep blue altar of Sif Muna.
  7641 | D:10     | Entered Level 10 of the Dungeon
  7641 | D:10     | Found a shimmering altar of Xom.
  7686 | D:10     | Reached skill level 16 in Unarmed Combat
  7717 | D:10     | Found Goqilut's Jewellery Boutique.
  7732 | D:10     | Noticed a hill giant
  7740 | D:10     | Killed a hill giant
  7798 | D:10     | Paralysed by a yellow wasp for 1 turns
  7833 | D:10     | Reached XP level 11. HP: 76/94 MP: 3/4
  8698 | D:11     | Acquired Okawaru's second power
  9187 | D:11     | Noticed a hill giant
  9190 | D:11     | Killed a hill giant
  9318 | Lair:2   | Reached skill level 17 in Unarmed Combat
  9379 | Lair:2   | Got an ivory bow
  9380 | Lair:2   | Identified the +9,+6 bow of Untruth {frost, rF+} (You found it on level 2 of the Lair of Beasts)
  9484 | Lair:2   | Noticed a five-headed hydra
  9511 | Lair:2   | Killed a seven-headed hydra
  9519 | Lair:2   | Received a gift from Okawaru
  9520 | Lair:2   | Got a twisted claymore {god gift}
  9555 | Lair:2   | Identified the +11,+4 claymore "Plykh" {elec, rElec rF-} (Okawaru gifted it to you on level 2 of the Lair of Beasts)
 10518 | Lair:3   | Reached skill level 18 in Unarmed Combat
 11109 | Lair:4   | Found a staircase to the Shoals.
 11123 | Lair:4   | Received a gift from Okawaru
 11137 | Lair:4   | Noticed Nergalle
 11158 | Lair:4   | Killed Nergalle
 11158 | Lair:4   | Reached XP level 12. HP: 81/104 MP: 2/5
 11469 | Lair:4   | Found a staircase to the Snake Pit.
 11589 | Lair:4   | Found a glowing golden altar of the Shining One.
 12314 | Lair:5   | Noticed Harold
 12329 | Lair:5   | Killed Harold
 12329 | Lair:5   | Reached skill level 19 in Unarmed Combat
 12468 | Lair:5   | Got a warped brass amulet
 12472 | Lair:5   | Identified the amulet "Skidiorgh" {Faith MR++ Str+1 Dex+2 Int+2} (You found it on level 5 of the Lair of Beasts)
 13205 | Lair:6   | Noticed a seven-headed hydra
 13236 | Lair:6   | Killed a nine-headed hydra
 13367 | Lair:6   | Received a gift from Okawaru
 13367 | Lair:6   | Reached skill level 20 in Unarmed Combat
 13468 | Lair:6   | Learned a level 2 spell: Shroud of Golubria
 13831 | Lair:6   | Reached XP level 13. HP: 101/110 MP: 5/5
 14343 | Lair:7   | Received a gift from Okawaru
 14350 | Lair:7   | Got a crystal glaive {god gift}
 14351 | Lair:7   | Identified the +7,+2 glaive "Piqin" {freeze, *Rage rN+ Dex+2} (Okawaru gifted it to you on level 7 of the Lair of Beasts)
 15044 | Lair:7   | Got a transparent blowgun
 15045 | Lair:7   | Identified the +8 blowgun of the Equator {speed, rC+ MR++ Str-1} (You found it on level 7 of the Lair of Beasts)
 16082 | D:12     | Found a white marble altar of Elyvilon.
 16135 | D:12     | Noticed Nessos
 16144 | D:12     | Killed Nessos
 16170 | D:12     | Reached skill level 21 in Unarmed Combat
 16176 | D:12     | Received a gift from Okawaru
 16259 | D:12     | HP: 2/110 [something (7)]
 16755 | D:12     | Found a staircase to the Orcish Mines.
 17345 | D:12     | Noticed Erica
 17465 | D:12     | Killed Erica
 17503 | D:12     | Received a gift from Okawaru
 18214 | D:13     | Killed from afar by a vapour

Action                   |  1- 3 |  4- 6 |  7- 9 | 10-12 | 13-15 || total
-------------------------+-------+-------+-------+-------+-------++-------
Melee: Unarmed           |   117 |   135 |   358 |   874 |   346 ||  1830
Throw: Dart              |       |     2 |       |       |       ||     2
       Tomahawk          |       |     3 |    26 |       |       ||    29
       Javelin           |       |       |     2 |    19 |       ||    21
       Large rock        |       |       |       |    12 |     1 ||    13
 Cast: Shroud of Golubri |       |       |       |       |     1 ||     1
Invok: Heroism           |       |       |     2 |     8 |     3 ||    13
       Finesse           |       |       |       |     2 |     2 ||     4
Evoke: Wand              |       |       |     1 |     7 |     2 ||    10
       box of beasts     |       |       |       |       |     1 ||     1
  Use: Scroll            |       |     2 |     9 |    21 |     5 ||    37
       Potion            |       |       |     1 |     4 |     3 ||     8
 Stab: Sleeping          |     1 |       |     2 |     3 |     4 ||    10
       Distracted        |       |       |     1 |       |     2 ||     3
